 Dungeon Crawl Stone Soup version 0.30-a0-1116-gebefce21f7 (webtiles) character file.

Game seed: 6469408537233238849

13673 cforsyth the Summoner (level 11, -4/74 HPs)
             Began as a Demigod Summoner on Apr 21, 2023.
             Killed from afar by an electric eel (7 damage)
             ... with a bolt of electricity
             ... on level 11 of the Dungeon.
             The game lasted 00:22:21 (11417 turns).

cforsyth the Summoner (Demigod Summoner)           Turns: 11417, Time: 00:22:22

Health: -4/74      AC:  7    Str: 13    XL:     11   Next: 50%
Magic:  31/31      EV: 27    Int: 31    God:
Gold:   719        SH:  0    Dex: 14    Spells: 20/33 levels left

rFire   . . .      SeeInvis .    c - +3 whip
rCold   . . .      Faith    .    (no shield)
rNeg    . . .      Spirit   .    z - +0 toga "Victory" {*Victory Clar}
rPois   +          Reflect  .    K - +0 helmet
rElec   .          Rampage  .    I - +1 cloak {rPois}
rCorr   .          Clarity  +    G - +0 pair of gloves
Will    ++...                    o - +0 pair of boots
Stlth   +++                      f - amulet of the acrobat
HPRegen 0.32/turn                t - +6 ring of intelligence
MPRegen 0.22/turn                (no ring)

@: acrobatic, studying Polearms
A: high MP 1, forlorn, divine attributes, camouflage 1, strong-willed 1
a: no special abilities


You were on level 11 of the Dungeon.
You visited 1 branch of the dungeon, and saw 11 of its levels.

You collected 719 gold pieces.

Inventory:

Hand Weapons
 c - a +3 whip (weapon)
Missiles
 y - a throwing net
Armour
 a - a +0 robe
 l - a scarf of resistance
 n - a +1 cloak
 o - a +0 pair of boots (worn)
 z - the +0 toga "Victory" (worn) {*Victory Clar}
   (You took it off a gnoll on level 3 of the Dungeon)

   *Victory:  When the wearer kills a threatening monster, it has a chance to
   gain +1 AC, +1 Slay, and +1 Int, capping at +7.
   When the wearer uses a scroll or a potion with a hostile monster in sight,
   its bonuses reset to +0.
   Unequipping it also resets its bonuses to +0.
   Clar:      It protects you against confusion.
 G - a +0 pair of gloves (worn)
 I - a +1 cloak of poison resistance (worn)
 K - a +0 helmet (worn)
Jewellery
 f - an amulet of the acrobat (around neck)
 t - a +6 ring of intelligence (left hand)
 J - an amulet of guardian spirit
 S - a ring of protection from cold
Wands
 u - a wand of polymorph (7)
 v - a wand of digging (3)
 O - a wand of flame (13)
Scrolls
 e - 3 scrolls of blinking {unknown}
 h - a scroll of teleportation
 i - 10 scrolls of identify {unknown}
 p - a scroll of magic mapping {unknown}
 w - 3 scrolls of enchant weapon {unknown}
 x - 2 scrolls of brand weapon {unknown}
 A - 3 scrolls of silence {unknown}
 C - 3 scrolls of amnesia {unknown}
 E - a scroll of vulnerability {unknown}
 H - a scroll of immolation {unknown}
 L - a scroll of enchant armour {unknown}
 M - a scroll of noise {unknown}
 N - a scroll of poison {unknown}
 P - a scroll of acquirement {unknown}
 R - a scroll of fear {unknown}
Potions
 b - 4 potions of magic
 d - 3 potions of mutation
 g - a potion of haste {unknown}
 j - 4 potions of flight {unknown}
 k - 2 potions of heal wounds
 m - a potion of resistance {unknown}
 q - 4 potions of curing
 r - 3 potions of brilliance {unknown}
 s - a potion of attraction {unknown}
 B - a potion of might {unknown}
 D - 2 potions of lignification {unknown}
 F - a potion of invisibility {unknown}
 Q - 2 potions of cancellation {unknown}


   Skills:
 - Level 1.7 Dodging
 - Level 1.7 Stealth
 + Level 11.6 Spellcasting
 + Level 13.0 Summonings


You had 20 spell levels left.
You knew the following spells:

 Your Spells              Type           Power      Damage    Failure   Level
a - Summon Small Mammal   Summ           100%       N/A       0%          1
b - Call Imp              Summ           100%       N/A       1%          2
c - Call Canine Familiar  Summ           78%        N/A       1%          3
d - Summon Guardian Gole  Hex/Summ       55%        N/A       1%          3
e - Summon Lightning Spi  Summ/Air       55%        N/A       1%          4

Your spell library contained the following spells:

 Spells                   Type           Power      Damage    Failure   Level
 Apportation              Tloc           36%        N/A       2%          1
 Necrotise                Necr           72%        1d7       2%          1
 Cigotuvi's Dreadful Rot  Necr/Pois/Air  36%        N/A       4%          2
 Scorch                   Fire           36%        2d7       4%          2
 Ignite Poison            Fire/Tmut/Pois 18%        N/A       9%          3
 Vampiric Draining        Necr           18%        2d7       9%          3
 Volatile Blastmotes      Fire/Tloc      36%        2d13      9%          3
 Sticky Flame             Conj/Fire      18%        2d4       28%         4
 Agony                    Necr           18%        N/A       61%         5
 Freezing Cloud           Conj/Ice/Air   9%         6-21      61%         5
 Ignition                 Fire           9%         3d5       100%        8


Dungeon Overview and Level Annotations

Branches:
Dungeon (11/15)            Temple (0/1) D:7            Lair (0/5) D:8
    Orc: D:9-12

Shops:
D:2 !   D:8 ?   D:11 *

Annotations:
D:5 1 runed translucent door, greynaab's ghost, novice GrRe


Innate Abilities, Weirdness & Mutations

You have an increased reservoir of magic. (+10% MP)
You shall have no god before yourself.
Your divine heritage dramatically boosts your attributes as you level up.
Your skin changes colour to match your surroundings (Stealth+).
You are strong-willed. (Will+)


Message History

Aim: a boulder beetle (wandering, hasn't noticed you, will become a shining eye, a black mamba, or a swamp worm, chance to affect: 31%)
The boulder beetle easily resists.
Your warg bites the yak!
The yak dies!
Your Summonings skill increases to level 13!
Aiming: Polymorph
Press: ? - help, Shift-Dir - straight line, f/p - boulder beetle
Aim: a boulder beetle (will become a shining eye, a black mamba, or a swamp worm, chance to affect: 31%)
The boulder beetle easily resists.
Okay, then.
Really read with monsters nearby while wearing the +1 toga "Victory"?
As you read the scroll of teleportation, it crumbles to dust.
You feel strangely unstable.
The +0 toga "Victory" stops glowing.
The boulder beetle leaps!
The kobold hits you but does no damage.
The kobold hits your warg but does no damage.
The boulder beetle curls into a ball and begins rolling!
The kobold attacks as you move away! The kobold closely misses you.
Your surroundings suddenly seem different.
A centaur warrior comes into view.
Found a glowing glaive and a chain mail.
As you read the scroll of teleportation, it crumbles to dust.
You feel strangely unstable. The efreet attacks as you move away!
The efreet hits you with a +0 scimitar of flaming!
* * * LOW HITPOINT WARNING * * *
The efreet burns you!
* * * LOW HITPOINT WARNING * * *
Found a ring of protection from cold.
The cyclops is engulfed in blazing flames.
A skeletal warrior comes into view. It is wielding a +0 trident.
Your surroundings suddenly seem different. 3 yaks, a kobold, a gargoyle and an electric eel come into view.
The kobold is wielding a +0 whip and quivering poisoned darts.
The kobold throws a poisoned dart.
The poisoned dart completely misses you.
The skeletal warrior moves out of view.
The yak bellows!
You hear a shout!
The electric eel shoots out a bolt of lightning at you!
The bolt of electricity hits you!
You die...

..##?..##.#.# ..
##..##.##..#.# .. .#
.###K.##.## #K ..
..#....K..# #. #.
#....###..# #. # #.
#....# #.h# #. ##.#.#.
..#..# #..# #K
.......##.....# #..# #.
.......@....Y.###..####.
≈≈≈≈≈≈≈≈≈≈≈.#YY./..K..h.
≈≈≈≈≈≈≈≈≈≈≈.#.####.#####
#########≈≈.# #.# 9S...
#.# ≈≈.### #.# ≈≈.# #.#
≈≈.. ..# ##


You could see 3 yaks, a gargoyle (wandering) and an electric eel.

Vanquished Creatures
  A wraith (D:10)
  2 yaks (D:10)
  A centaur (D:10)
  A gnoll sergeant (D:10)
  2 howler monkeys (D:10)
  A hound (D:6)
  2 adders
  5 gnolls
  10 orcs
  2 ball pythons
  7 endoplasms
  5 giant cockroaches
  A goblin (D:1)
  2 hobgoblins
  7 jackals
  2 quokkas (D:3)
  2 bats
  A frilled lizard (D:1)
  3 kobolds
  6 rats
63 creatures vanquished.

Vanquished Creatures (collateral kills)
  A centaur warrior (D:10)
  A death yak (D:10)
  A two-headed ogre (D:10)
  An ugly thing (D:6)
  A hornet (D:10)
  Prince Ribbit (D:9)
  8 yaks
  3 wyverns
  An acid dragon (D:10)
  A water moccasin (D:7)
  2 orc warriors
  2 black bears
  An ice beast (D:6)
  4 ogres
  A centaur (D:7)
  A phantom (D:5)
  A lemure (D:5)
  4 kobold brigands
  A scorpion (D:7)
  A gnoll sergeant (D:3)
  7 wights
  4 killer bees
  An electric eel (D:10)
  3 howler monkeys
  A jelly (D:7)
  7 orc priests
  2 gnoll boudas
  6 hounds
  3 iguanas
  Terence (D:3)
  9 orc wizards
  26 gnolls
  4 adders
  3 white imps
  An ufetubus (D:7)
  A worm (D:5)
  A dart slug (D:4)
  51 orcs
  5 endoplasms
  3 giant cockroaches
  2 goblins
  3 hobgoblins
  13 jackals
  28 kobolds
  2 quokkas
  5 ball pythons
  2 bats
  3 rats (D:2)
234 creatures vanquished.

Vanquished Creatures (others)
  A centaur warrior (D:10)
  Erica (D:9)
  A two-headed ogre (D:9)
  A deep elf archer (D:10)
  Pikel (D:5)
  A manticore (D:10)
  A troll (D:11)
  A hornet (D:9)
  8 yaks
  An orc warrior (D:9)
  A centaur (D:9)
  2 lemures (D:5)
  A kobold brigand (D:9)
  7 wights
  2 killer bees (D:9)
  A hound (D:5)
  A kobold (D:9)
  8 plants
40 creatures vanquished.

Grand Total: 337 creatures vanquished

Notes
Turn   | Place    | Note
-------+----------+-------------------------------------------
     0 | D:1      | cforsyth the Demigod Summoner began the quest for the Orb.
     0 | D:1      | Reached XP level 1. HP: 14/14 MP: 5/5
   347 | D:1      | Reached XP level 2. HP: 5/20 MP: 2/7
   409 | D:1      | Learned a level 2 spell: Call Imp
   463 | D:1      | Reached skill level 4 in Summonings
  1062 | D:2      | Reached XP level 3. HP: 26/26 MP: 7/9
  1068 | D:2      | Learned a level 3 spell: Call Canine Familiar
  1392 | D:2      | Found Pynwaniu's Distillery.
  1615 | D:3      | Noticed Terence
  1736 | D:3      | Identified the +0 ring mail of the Tarantula {rPois Will-
                  | SInv Stlth+}
  1833 | D:3      | Reached XP level 4. HP: 16/33 MP: 11/11
  2383 | D:3      | Killed Terence
  2733 | D:3      | Reached XP level 5. HP: 37/38 MP: 13/13
  2744 | D:3      | Reached skill level 5 in Summonings
  2748 | D:3      | HP: 1/38 [hound (3)]
  2749 | D:3      | Gained mutation: You are strong-willed. (Will+) [potion of
                  | mutation]
  2749 | D:3      | Gained mutation: You are highly strong-willed. (Will++)
                  | [potion of mutation]
  2749 | D:3      | Lost mutation: You are highly strong-willed. (Will++)
                  | [potion of mutation]
  2749 | D:3      | Gained mutation: Your skin changes colour to match your
                  | surroundings (Stealth+). [potion of mutation]
  3323 | D:3      | Reached XP level 6. HP: 39/45 MP: 15/15
  3530 | D:3      | Learned a level 3 spell: Summon Guardian Golem
  3679 | D:3      | Reached skill level 6 in Summonings
  4166 | D:4      | Reached XP level 7. HP: 33/50 MP: 13/17
  4173 | D:4      | Reached skill level 5 in Spellcasting
  4341 | D:4      | Learned a level 4 spell: Summon Lightning Spire
  4735 | D:4      | Reached skill level 7 in Summonings
  4870 | D:5      | Entered Level 5 of the Dungeon
  4928 | D:5      | Identified the +8 short sword of the Tundras {vamp, Will+}
  5003 | D:5      | Reached XP level 8. HP: 57/57 MP: 20/20
  5316 | D:5      | Reached skill level 8 in Summonings
  5322 | D:5      | Found a runed translucent door.
  5325 | D:5      | Noticed greynaab's ghost (novice GrRe)
  5394 | D:5      | Noticed Pikel
  5412 | D:5      | Killed Pikel
  5978 | D:6      | Noticed a brown ugly thing
  6002 | D:6      | Killed a brown ugly thing
  6003 | D:6      | Reached skill level 9 in Summonings
  6003 | D:6      | Reached XP level 9. HP: 62/62 MP: 11/24
  6112 | D:6      | Got the Codex of Incandescent Intoxication
  7231 | D:7      | Found a staircase to the Ecumenical Temple.
  7462 | D:7      | Reached skill level 10 in Summonings
  7729 | D:8      | Found a staircase to the Lair.
  8120 | D:8      | Found Asiaruos's Magic Scroll Shop.
  8291 | D:8      | Reached XP level 10. HP: 56/69 MP: 23/27
  9056 | D:9      | Reached skill level 11 in Summonings
  9259 | D:9      | Noticed Erica
  9280 | D:9      | Killed Erica
  9281 | D:9      | Reached skill level 10 in Spellcasting
  9350 | D:9      | Noticed Prince Ribbit
  9366 | D:9      | Killed Prince Ribbit
  9649 | D:9      | Noticed a two-headed ogre
  9668 | D:9      | Killed a two-headed ogre
 10015 | D:10     | Entered Level 10 of the Dungeon
 10082 | D:10     | Noticed a manticore
 10082 | D:10     | Noticed a centaur warrior
 10082 | D:10     | Noticed a centaur warrior
 10082 | D:10     | Noticed a deep elf archer
 10085 | D:10     | Killed a deep elf archer
 10087 | D:10     | Killed a centaur warrior
 10087 | D:10     | Killed a manticore
 10098 | D:10     | Killed a centaur warrior
 10099 | D:10     | Reached skill level 12 in Summonings
 10099 | D:10     | Reached XP level 11. HP: 17/74 MP: 17/30
 10691 | D:10     | Noticed a death yak
 10707 | D:10     | Killed a death yak
 10867 | D:10     | Noticed a two-headed ogre
 10873 | D:10     | Killed a two-headed ogre
 10969 | D:10     | Got Sif Muna's Tome of the Tesseract
 11372 | D:11     | Found Miugigur's Changing Room.
 11405 | D:11     | Noticed a boulder beetle
 11408 | D:11     | Reached skill level 13 in Summonings
 11413 | D:11     | Noticed a centaur warrior
 11415 | D:11     | HP: 2/74 [efreet/+0 scimitar of flaming (7)]
 11416 | D:11     | Noticed a skeletal warrior
 11417 | D:11     | Killed from afar by an electric eel

Illustrated notes

Levels and vault maps discovered:
D:1:      ebering_trefoil_3fold, layout_basic, nrook_mini_vaults,
          minmay_tiny_reverse_x
D:2:      layout_rooms, serial_shops, nicolae_shop_industrial_runoff,
          minmay_octomino_c4
D:3:      lemuel_castle_with_subvaults [lemuel_castle_interior_carwin_2],
          layout_basic, hex_large, minivault_5, uniq_terence
D:4:      layout_cave_pools, elyvilon_altar_1, minmay_surrounded
D:5:      layout_cave_pools, lemuel_coloured_pillars_altar,
          ebering_ghost_reflecting_pool, uniq_pikel
D:6:      layout_loops_cross, minmay_manual_monstrance
D:7:      layout_basic, temple_hall
D:8:      layout_basic, lair_entry_dummy, serial_shops, shop_fountains,
          hangedman_decor_diamond_cutter
D:9:      layout_loops_ring, nicolae_overflow_crystal_walls,
          uniq_prince_ribbit1, uniq_erica
D:10:     argonaut_augean_stables, layout_basic,
          grunt_temple_overflow_magic_moments, grunt_temple_overflow_open,
          minivault_25_ag
D:11:     layout_loops_ring, erik_orc_2, serial_bayou, serial_bayou_lagoon_a,
          serial_bayou_crossing, serial_bayou_pond_c, serial_bayou_pond_a,
          nicolae_transmutations_shop, minmay_diamond_spiral, uniq_josephine

Skill      XL: |  1  2  3  4  5  6  7  8  9 10 11 |
---------------+----------------------------------+-----
Spellcasting   | 2 3 4 6 7 9 10 11 | 11.6
Summonings     | 4 5 6 7 9 10 12 13 | 13.0
Dodging        | |  1.7
Stealth        | |  1.7

Action                     |  1- 3 |  4- 6 |  7- 9 | 10-12 || total
---------------------------+-------+-------+-------+-------++-------
  Melee: Whip              |    92 |    69 |    41 |    75 ||   277
         Unarmed           |    12 |       |       |       ||    12
         Punch             |     3 |     1 |       |       ||     4
   Cast: Summon Small Mamm |    40 |    21 |    25 |    20 ||   106
         Call Imp          |     5 |    16 |    25 |    17 ||    63
         Call Canine Famil |     6 |    12 |    20 |    19 ||    57
         Summon Guardian G |       |     1 |    12 |    23 ||    36
         Summon Lightning  |       |       |       |     6 ||     6
  Evoke: Wand              |       |       |       |     2 ||     2
    Use: Potion            |       |     3 |       |       ||     3
         Scroll            |       |     1 |       |     2 ||     3
   Stab: Sleeping          |     1 |       |     1 |       ||     2
         Distracted        |     1 |     3 |       |     3 ||     7
 Armour: Robe              |    24 |    26 |    16 |    24 ||    90
  Dodge: Dodged            |    73 |    72 |    66 |   116 ||   327

Table legend: (Time is in decaauts)
 A = Elapsed time spent in this place.
 B = Non-inter-level travel time spent in this place.
 C = Inter-level travel time spent in this place.
 D = Time resting spent in this place.
 E = Time spent auto-exploring this place.
 F = Levels seen in this place.
 G = Mean time per level.
                   A        B        C        D        E       F      G
               +--------+--------+--------+--------+--------+-----+--------+
         Total |  11459 |  11072 |    387 |    602 |   8063 |  11 | 1041.7 |
       Dungeon |  11459 |  11072 |    387 |    602 |   8063 |  11 | 1041.7 |
               +--------+--------+--------+--------+--------+-----+--------+

Top non-repeatable levels by time:
     D:3: 2447 daAuts
    D:10: 1371 daAuts
     D:9: 1151 daAuts
     D:8: 1138 daAuts
     D:7: 1128 daAuts
     D:6: 919 daAuts
     D:1: 860 daAuts
     D:2: 813 daAuts
     D:5: 812 daAuts
     D:4: 770 daAuts
    D:11: 44 daAuts
